 Dungeon Crawl Stone Soup version 0.30-a0-913-g9934a0ce24 (webtiles) character file.

Game seed: 1872752902442620320

5599 billz999 the Skirmisher (level 10, 0/79 HPs)
             Began as a Gnoll Hunter on Mar 20, 2023.
             Was an Initiate of Gozag.
             Slain by a yak (10 damage)
             ... on level 9 of the Dungeon.
             The game lasted 00:18:15 (7256 turns).

billz999 the Skirmisher (Gnoll Hunter)              Turns: 7256, Time: 00:18:15

Health: 0/79       AC: 10    Str: 10    XL:     10   Next: 73%
Magic:  7/18       EV: 15    Int: 18    God:    Gozag
Gold:   1387       SH:  0    Dex: 17    Spells: 11/20 levels left

rFire   + + +      SeeInvis .    b - +7 short sword of Duusa {heavy, rF+ rN+ Int+6}
rCold   + . .      Faith    .    (no shield)
rNeg    + . .      Spirit   .    n - +1 leather armour {rF+}
rPois   +          Reflect  .    N - +0 helmet
rElec   +          Rampage  .    (no cloak)
rCorr   +                        j - +2 pair of gloves
Will    .....                    u - +0 pair of boots
Stlth   +++                      (no amulet)
HPRegen 0.33/turn                x - ring of flight
MPRegen 0.16/turn                H - ring of protection from fire

@: resistant, marked, radiating poison, gold aura, flying, hasted, studying
Shields, very quick
A: fangs 1, strong nose, distributed training
a: Renounce Religion, Potion Petition, Call Merchant, Bribe Branch


You were on level 9 of the Dungeon.
You worshipped Gozag.
Gozag was most pleased with you.
You visited 1 branch of the dungeon, and saw 9 of its levels.
You also visited: Sewer.

You collected 1433 gold pieces.
You paid 46 gold pieces to Gozag.

Inventory:

Hand Weapons
 a - a +0 heavy shortbow
 b - the +7 short sword of Duusa (weapon) {heavy, rF+ rN+ Int+6}
   (You found it on level 2 of the Dungeon)

   Int:       It affects your intelligence (+6).
   rF:        It protects you from fire.
   rN:        It protects you from negative energy.
 p - a +1 short sword of speed
 w - the +7 staff of the Meek {protect, meekguard}
   (You took it off a kobold on level 6 of the Dungeon)
 K - the +8 demon blade "Leech" {evervamp, Harm Drain rN+}
   (You found it on level 8 of the Dungeon)

   rN:        It protects you from negative energy.
   Drain:     It drains your maximum health when unequipped.
   Harm:      It increases damage dealt and taken.
Missiles
 v - 26 poisoned darts
Armour
 c - a +0 leather armour
 j - a +2 pair of gloves (worn)
 n - a +1 leather armour of fire resistance (worn)
 q - a +1 hat
 u - a +0 pair of boots (worn)
 N - a +0 helmet (worn)
Jewellery
 x - a ring of flight (left hand)
 F - a ring of fire
 H - a ring of protection from fire (right hand)
Wands
 B - a wand of roots (6)
 I - a wand of digging (1)
Scrolls
 d - a scroll of vulnerability
 f - 3 scrolls of teleportation
 h - 5 scrolls of identify
 o - a scroll of poison
 r - a scroll of enchant armour
 s - a scroll of immolation
 y - a scroll of fog
 E - a scroll of magic mapping
 G - a scroll of blinking
Potions
 e - a potion of mutation {unknown}
 g - 3 potions of resistance
 i - 2 potions of might {unknown}
 k - 8 potions of curing
 l - a potion of lignification {unknown}
 m - 2 potions of cancellation {unknown}
 t - 3 potions of brilliance {unknown}
 z - 2 potions of haste
 A - 2 potions of degeneration {unknown}
 C - a potion of magic {unknown}
 D - a potion of flight {unknown}
 J - a potion of invisibility {unknown}
 L - a potion of heal wounds {unknown}
 M - a potion of berserk rage {unknown}


   Skills:
 + Level 7.4 Fighting
 + Level 5.7 Short Blades
 + Level 5.7 Long Blades
 + Level 5.7 Axes
 + Level 5.7 Maces & Flails
 + Level 5.7 Polearms
 + Level 5.7 Staves
 + Level 10.3 Ranged Weapons
 + Level 5.7 Throwing
 + Level 5.7 Armour
 + Level 7.4 Dodging
 + Level 6.3 Stealth
 + Level 7.8 Shields
 + Level 5.7 Unarmed Combat
 + Level 5.7 Spellcasting
 + Level 4.7 Conjurations
 + Level 4.7 Hexes
 + Level 4.7 Summonings
 + Level 4.7 Necromancy
 + Level 4.7 Translocations
 + Level 4.7 Transmutations
 + Level 4.7 Fire Magic
 + Level 4.7 Ice Magic
 + Level 4.7 Air Magic
 + Level 4.7 Earth Magic
 + Level 4.7 Poison Magic
 + Level 6.3 Invocations
 + Level 5.7 Evocations


You had 11 spell levels left.
You knew the following spells:

 Your Spells              Type           Power      Damage    Failure   Level
a - Vhi's Electric Charg  Tloc/Air       44%        N/A       7%          3
b - Poisonous Vapours     Pois/Air       44%        N/A       3%          2
c - Olgreb's Toxic Radia  Pois           22%        N/A       22%         4

Your spell library contained the following spells:

 Spells                   Type           Power      Damage    Failure   Level
 Beastly Appendage        Tmut           44%        N/A       2%          1
 Sting                    Tmut/Pois      88%        1d7       2%          1
 Call Imp                 Summ           22%        N/A       3%          2
 Sublimation of Blood     Necr           22%        N/A       3%          2
 Wereblood                Tmut           22%        N/A       3%          2
 Gell's Gravitas          Tloc           22%        N/A       7%          3
 Ozocubu's Armour         Ice            22%        N/A       7%          3
 Spider Form              Tmut/Pois      22%        N/A       7%          3
 Teleport Other           Tloc           22%        N/A       7%          3
 Arcjolt                  Conj/Air       11%        1d21      52%         5
 Metabolic Englaciation   Hex/Ice        11%        N/A       52%         5
 Dispersal                Tloc           11%        N/A       98%         6
 Summon Hydra             Summ           11%        N/A       100%        7
 Maxwell's Capacitive Co  Air            11%        ∞         100%        8
 Simulacrum               Ice/Necr       Unusable   N/A       N/A         6

Dungeon Overview and Level Annotations

Branches:
Dungeon (9/15)             Temple (0/1) D:6           Sewer (visited)
   Lair: D:8-11         Orc: D:9-12

Altars:
Elyvilon
Fedhas
Gozag
Ru
Sif Muna
Trog
Uskayaw

Annotations:
D:9 exclusion: oklob sapling


Innate Abilities, Weirdness & Mutations

You have very sharp teeth.
Your uncanny sense of smell can sniff out nearby items.
Your experience applies equally to all skills.


Message History

The ball python bites you but does no damage.
The ball python constricts you. The water moccasin closely misses you.
You puncture the water moccasin!
You kill the water moccasin!
* * * LOW HITPOINT WARNING * * *
You feel very sick. The water moccasin barely misses you.
The ball python barely misses you. The ball python constricts you.
The ball python barely misses you. The ball python constricts you.
A water moccasin comes into view.
It was a potion of resistance.
You feel protected.
Your surroundings suddenly seem different.
Something loses its grip on you. 6 yaks come into view.
Found the Unrestrained Analects.
* * * LOW HITPOINT WARNING * * *
You feel very sick. The yak gores you!
* * * LOW HITPOINT WARNING * * *
The yak moves out of view.
You feel yourself speed up.
You hear the creaking of a very distant portcullis.
* * * LOW HITPOINT WARNING * * *
You feel very sick. The yak misses you.
Unknown command.
* * * LOW HITPOINT WARNING * * *
You feel sick.
It was a potion of curing.
You feel better.
Okay, then.
Casting: Olgreb's Toxic Radiance (dangerous; 22% risk of failure)
Confirm with . or Enter, or press ? or * to list all spells.
Okay, then.
Casting: Olgreb's Toxic Radiance (dangerous; 22% risk of failure)
Confirm with . or Enter, or press ? or * to list all spells.
You begin to radiate toxic energy.
The yak is poisoned. x6
The yak looks even sicker. x2; The yak gores you!
You die...
Your body crumbles into a pile of gold.

. .. ... #
.... #. .....
#YY#####..:...
#YYY.Y@.......
##############


You could see 6 yaks.

Vanquished Creatures
  A komodo dragon (D:5)
  2 hornets
  Sigmund (D:6)
  Eustachio (D:5)
  A wyvern (D:9)
  4 yaks (D:8)
  Menkaure (D:5)
  Duvessa (D:5)
  3 water moccasins
  2 orc warriors
  An ice beast (D:7)
  Pargi (Sewer)
  A black bear (D:6)
  A centaur (D:4)
  3 phantoms
  2 kobold brigands
  5 bullfrogs
  5 scorpions
  6 wights
  Dowan (D:5)
  9 killer bees
  A howler monkey (D:7)
  3 hounds
  4 orc priests
  2 gnoll boudas
  2 jellies
  6 iguanas
  2 sleepcaps
  8 orc wizards
  17 adders
  6 gnolls
  2 white imps
  A worm (D:2)
  A dart slug (D:1)
  23 orcs
  5 bats
  5 endoplasms
  5 giant cockroaches
  8 hobgoblins
  2 jackals
  2 quokkas
  14 ball pythons
  4 frilled lizards
  6 goblins
  18 kobolds
  4 rats
203 creatures vanquished.

Vanquished Creatures (others)
  7 fungi (D:9)
  22 plants (D:9)
29 creatures vanquished.

Grand Total: 232 creatures vanquished

Notes
Turn   | Place    | Note
-------+----------+-------------------------------------------
     0 | D:1      | billz999 the Gnoll Hunter began the quest for the Orb.
     0 | D:1      | Reached XP level 1. HP: 20/20 MP: 1/1
    87 | D:1      | Reached XP level 2. HP: 25/26 MP: 2/2
   282 | D:1      | Reached XP level 3. HP: 31/31 MP: 3/3
   525 | D:2      | Reached skill level 1 in Invocations
   566 | D:2      | Identified the +7 short sword of Duusa {heavy, rF+ rN+
                  | Int+6}
   587 | D:2      | Found a sacrificial altar of Ru.
   874 | D:2      | Reached skill level 1 in Short Blades
   874 | D:2      | Reached skill level 1 in Long Blades
   874 | D:2      | Reached skill level 1 in Axes
   874 | D:2      | Reached skill level 1 in Maces & Flails
   874 | D:2      | Reached skill level 1 in Polearms
   874 | D:2      | Reached skill level 1 in Staves
   874 | D:2      | Reached skill level 1 in Throwing
   874 | D:2      | Reached skill level 1 in Armour
   874 | D:2      | Reached skill level 1 in Shields
   874 | D:2      | Reached skill level 1 in Unarmed Combat
   874 | D:2      | Reached skill level 1 in Spellcasting
   874 | D:2      | Reached skill level 1 in Evocations
  1051 | D:3      | Reached XP level 4. HP: 38/38 MP: 5/5
  1147 | D:3      | Noticed a phantom
  1158 | D:3      | Killed a phantom
  1159 | D:3      | Reached skill level 1 in Conjurations
  1159 | D:3      | Reached skill level 1 in Hexes
  1159 | D:3      | Reached skill level 1 in Summonings
  1159 | D:3      | Reached skill level 1 in Necromancy
  1159 | D:3      | Reached skill level 1 in Translocations
  1159 | D:3      | Reached skill level 1 in Transmutations
  1159 | D:3      | Reached skill level 1 in Fire Magic
  1159 | D:3      | Reached skill level 1 in Ice Magic
  1159 | D:3      | Reached skill level 1 in Air Magic
  1159 | D:3      | Reached skill level 1 in Earth Magic
  1159 | D:3      | Reached skill level 1 in Poison Magic
  1159 | D:3      | Reached XP level 5. HP: 32/43 MP: 5/7
  1346 | D:3      | Found an opulent altar of Gozag.
  1365 | D:3      | Became a worshipper of Gozag Ym Sagoz the Greedy
  1683 | D:4      | Noticed a centaur
  1695 | D:4      | Killed a centaur
  1790 | D:4      | Reached XP level 6. HP: 48/50 MP: 8/8
  1841 | D:4      | Found a hide-covered altar of Uskayaw.
  1889 | D:4      | Reached skill level 5 in Fighting
  1889 | D:4      | Reached skill level 5 in Dodging
  2307 | D:5      | Entered Level 5 of the Dungeon
  2307 | D:5      | Found a blossoming altar of Fedhas.
  2372 | D:5      | Noticed a komodo dragon
  2381 | D:4      | Reached XP level 7. HP: 54/56 MP: 10/10
  2412 | D:5      | Noticed Dowan
  2498 | D:5      | Noticed Menkaure
  2498 | D:5      | Noticed Duvessa
  2607 | D:5      | Reached skill level 9 in Ranged Weapons
  2741 | D:5      | Killed a komodo dragon
  2742 | D:5      | Reached XP level 8. HP: 28/63 MP: 12/12
  3086 | D:5      | Killed Duvessa
  3097 | D:5      | Killed Dowan
  3486 | D:5      | Killed Menkaure
  3490 | D:5      | Noticed Eustachio
  3503 | D:5      | Killed Eustachio
  3866 | D:6      | Learned a level 3 spell: Vhi's Electric Charge
  3938 | D:6      | Found a glowing drain.
  3958 | Sewer    | Entered a sewer
  3996 | Sewer    | Noticed Pargi
  4004 | Sewer    | Killed Pargi
  4005 | Sewer    | Reached skill level 5 in Shields
  4005 | Sewer    | Reached XP level 9. HP: 69/69 MP: 10/15
  4277 | D:6      | Learned a level 2 spell: Poisonous Vapours
  4282 | D:6      | Learned a level 4 spell: Olgreb's Toxic Radiance
  4622 | D:6      | Noticed Sigmund
  4632 | D:6      | Killed Sigmund
  4633 | D:6      | Reached skill level 5 in Stealth
  4888 | D:6      | Found a staircase to the Ecumenical Temple.
  5115 | D:7      | Reached skill level 5 in Invocations
  5204 | D:7      | Found a bloodstained altar of Trog.
  5216 | D:7      | Found a shimmering blue altar of Sif Muna.
  5220 | D:7      | Got Sif Muna's Dissertation on Command
  6021 | D:7      | Reached skill level 5 in Short Blades
  6021 | D:7      | Reached skill level 5 in Long Blades
  6021 | D:7      | Reached skill level 5 in Axes
  6021 | D:7      | Reached skill level 5 in Maces & Flails
  6021 | D:7      | Reached skill level 5 in Polearms
  6021 | D:7      | Reached skill level 5 in Staves
  6021 | D:7      | Reached skill level 5 in Throwing
  6021 | D:7      | Reached skill level 5 in Armour
  6021 | D:7      | Reached skill level 5 in Unarmed Combat
  6021 | D:7      | Reached skill level 5 in Spellcasting
  6021 | D:7      | Reached skill level 5 in Evocations
  6021 | D:7      | Reached XP level 10. HP: 75/77 MP: 17/17
  6222 | D:8      | Reached skill level 10 in Ranged Weapons
  6281 | D:8      | Found the +8 demon blade "Leech" {evervamp, Harm Drain rN+}
  6386 | D:8      | Found a white marble altar of Elyvilon.
  7025 | D:9      | Paralysed by a hornet for 1 turns
  7252 | D:9      | HP: 3/79 [poisoned by a water moccasin]
  7256 | D:9      | Slain by a yak

Illustrated notes

Levels and vault maps discovered:
D:1:      minmay_arrival_stair_chambers, layout_rooms
D:2:      layout_rooms, basic_altar
D:3:      layout_basic, mainiacjoe_overflow_concentric_impassable,
          minmay_surrounded
D:4:      layout_rooms, lemuel_round_altar
D:5:      layout_rooms, overflow_temple_1_default, minmay_manual_moon,
          uniq_eustachio, uniq_menkaure, uniq_duvessa
D:6:      minmay_general_purpose_star, layout_basic,
          minmay_temple_entry_poolview, gup_sewer_entry_glass, uniq_sigmund
D:7:      layout_gridville, nzn_overflow_gifts_of_might_and_magic
D:8:      layout_gridville, elyvilon_altar_5, dreamdust_deal_with_the_devil
D:9:      layout_small_grid, minmay_lair_entry_grove, enter_bailey_4,
          introduction_to_nature_1

Skill      XL: |  1  2  3  4  5  6  7  8  9 10 |
---------------+-------------------------------+-----
Invocations    | 1 2 3 4 5 6 |  6.3
Short Blades   | 1 2 3 4 5 |  5.7
Long Blades    | 1 2 3 4 5 |  5.7
Axes           | 1 2 3 4 5 |  5.7
Maces & Flails | 1 2 3 4 5 |  5.7
Polearms       | 1 2 3 4 5 |  5.7
Staves         | 1 2 3 4 5 |  5.7
Throwing       | 1 2 3 4 5 |  5.7
Armour         | 1 2 3 4 5 |  5.7
Shields        | 1 2 3 5 6 7 |  7.8
Unarmed Combat | 1 2 3 4 5 |  5.7
Spellcasting   | 1 2 3 4 5 |  5.7
Evocations     | 1 2 3 4 5 |  5.7
Conjurations   | 1 2 3 4 |  4.7
Hexes          | 1 2 3 4 |  4.7
Summonings     | 1 2 3 4 |  4.7
Necromancy     | 1 2 3 4 |  4.7
Translocations | 1 2 3 4 |  4.7
Transmutations | 1 2 3 4 |  4.7
Fire Magic     | 1 2 3 4 |  4.7
Ice Magic      | 1 2 3 4 |  4.7
Air Magic      | 1 2 3 4 |  4.7
Earth Magic    | 1 2 3 4 |  4.7
Poison Magic   | 1 2 3 4 |  4.7
Stealth        | 3 4 5 6 |  6.3
Fighting       | 5 6 7 |  7.4
Dodging        | 5 6 7 |  7.4
Ranged Weapons | 9 10 | 10.3

Action                     |  1- 3 |  4- 6 |  7- 9 | 10-12 || total
---------------------------+-------+-------+-------+-------++-------
  Melee: Short sword       |     5 |    76 |   151 |    56 ||   288
         Bite              |       |     6 |    12 |     8 ||    26
         Punch             |       |     1 |     4 |     3 ||     8
   Fire: Shortbow          |    93 |    57 |   119 |    27 ||   296
  Throw: Dart              |       |       |     3 |       ||     3
   Cast: Vhi's Electric Ch |       |       |     1 |       ||     1
         Poisonous Vapours |       |       |    32 |    14 ||    46
         Olgreb's Toxic Ra |       |       |     1 |    11 ||    12
  Evoke: Wand              |       |       |     2 |       ||     2
    Use: Scroll            |     3 |       |     6 |     1 ||    10
         Potion            |       |       |       |     3 ||     3
   Stab: Distracted        |       |       |     3 |     1 ||     4
         Sleeping          |       |       |       |     1 ||     1
 Armour: Leather armour    |    11 |    47 |    55 |    23 ||   136
  Dodge: Dodged            |    19 |    95 |   113 |    41 ||   268

Table legend: (Time is in decaauts)
 A = Elapsed time spent in this place.
 B = Non-inter-level travel time spent in this place.
 C = Inter-level travel time spent in this place.
 D = Time resting spent in this place.
 E = Time spent auto-exploring this place.
 F = Levels seen in this place.
 G = Mean time per level.
                   A        B        C        D        E       F      G
               +--------+--------+--------+--------+--------+-----+--------+
         Total |   7344 |   6962 |    382 |    736 |   4792 |  10 |  734.4 |
       Dungeon |   7142 |   6760 |    382 |    736 |   4678 |   9 |  793.6 |
         Sewer |    201 |    201 |      0 |      0 |    114 |   1 |  201.0 |
               +--------+--------+--------+--------+--------+-----+--------+

Top non-repeatable levels by time:
     D:7: 1289 daAuts
     D:5: 1176 daAuts
     D:6: 1012 daAuts
     D:4: 941 daAuts
     D:8: 744 daAuts
     D:3: 665 daAuts
     D:1: 507 daAuts
     D:2: 500 daAuts
     D:9: 306 daAuts
   Sewer: 201 daAuts
